 Dungeon Crawl Stone Soup version 0.26-a0-707-g31817bcca1 (console) character file.

Game seed: 4130979417239027579

10903 om the Protected (level 11, -1/85 HPs)
             Began as a Minotaur Berserker on Oct 26, 2020.
             Was the Champion of Trog.
             Slain by Erolcha
             ... wielding a +0 giant club
              (18 damage)
             ... on level 1 of the Orcish Mines.
             The game lasted 00:23:05 (11180 turns).

om the Protected (Minotaur Berserker)              Turns: 11180, Time: 00:23:06

Health: -1/85      AC: 15    Str: 23    XL:     11   Next: 42%
Magic:  10/10      EV: 15    Int:  4    God:    Trog [******]
Gold:   1151       SH: 11    Dex:  9    Spells: 10/10 levels left

rFire    + + .     SeeInvis .   a - +3 spear
rCold    + . .     Faith    .   u - +0 kite shield
rNeg     . . .     Spirit   .   d - +0 chain mail
rPois    .         Reflect  .   (helmet restricted)
rElec    .         Harm     .   (no cloak)
rCorr    .         Rampage  .   (no gloves)
MR       .....                  (no boots)
Stlth    ..........             (no amulet)
HPRegen  0.24/turn              A - ring "Ecydwios" {rF++ rC+ AC+4 Dex-3 Slay+5}
MPRegen  0.12/turn              c - +4 ring of evasion

@: berserk cooldown, slowed, very slow
A: retaliatory headbutt, horns 2
a: Berserk, Trog's Hand, Brothers in Arms, Renounce Religion


You were on level 1 of the Orcish Mines.
You worshipped Trog.
Trog was exalted by your worship.
You visited 2 branches of the dungeon, and saw 11 of its levels.

You collected 1151 gold pieces.

Inventory:

Hand Weapons
 a - a +3 spear (weapon)
 b - a +0 hunting sling
 t - a +0 hand axe
 G - a +0 trident
Missiles
 o - 214 stones (quivered)
Armour
 d - a +0 chain mail (worn)
 i - a +0 ring mail
 n - a +0 animal skin
 u - a +0 kite shield (worn)
Jewellery
 c - a +4 ring of evasion (right hand)
 h - an uncursed ring of fire
 p - a +4 ring of protection
 A - the ring "Ecydwios" (left hand) {rF++ rC+ AC+4 Dex-3 Slay+5}
   (You found it on level 5 of the Dungeon)

   [ring of protection]

   It affects your AC (+4).
   It affects your dexterity (-3).
   It affects your accuracy and damage with ranged weapons and melee attacks
   (+5).
   It greatly protects you from fire.
   It protects you from cold.
 C - an uncursed ring of magical power
 O - an uncursed ring of poison resistance
Wands
 F - a wand of paralysis (11)
 K - a wand of disintegration (11)
 N - a wand of acid (2)
Scrolls
 e - 3 scrolls of fear
 f - 2 scrolls of identify
 j - 5 scrolls of blinking
 k - 5 scrolls of magic mapping
 l - 5 scrolls of remove curse {unknown}
 m - 4 scrolls of enchant weapon
 s - 3 scrolls of teleportation {unknown}
 v - 3 scrolls of immolation {unknown}
 y - 2 scrolls of fog
 B - 2 scrolls of noise {unknown}
 D - 2 scrolls of torment
 H - a scroll of summoning {unknown}
 J - 2 scrolls of enchant armour {unknown}
 M - a scroll of holy word {unknown}
Potions
 g - a potion of lignification {unknown}
 q - 5 potions of heal wounds
 r - 8 potions of curing
 w - 2 potions of flight
 x - 3 potions of haste
 z - 2 potions of stabbing {unknown}
 E - a potion of ambrosia {unknown}
 I - a potion of berserk rage {unknown}
 L - a potion of might


   Skills:
 + Level 4.6 Fighting
 - Level 6.7(9.1) Axes
 * Level 9.6(10.5) Polearms
 - Level 7.0 Slings
 + Level 9.7 Armour
 + Level 9.0 Dodging
 + Level 9.4 Shields
 * Level 2.3 Evocations


You had 10 spell levels left.
You didn't know any spells.
Your spell library was empty.

Dungeon Overview and Level Annotations

Branches:
Dungeon (10/15)            Temple (0/1) D:7            Lair (0/6) D:10
    Orc (1/2) D:10

Altars:
Vehumet

Annotations:
Orc:1 Erolcha


Innate Abilities, Weirdness & Mutations

You reflexively headbutt those who attack you in melee.
You have a pair of horns on your head.


Message History

The bolt of lightning hits you!
* * * LOW HITPOINT WARNING * * *
You puncture something! You block something's attack.
Something barely misses you.
You feel a strong urge to attack something.
The orc closely misses you.
You are no longer berserk.
You are exhausted.
You feel yourself slow down.
You see here a +0 trident.
You block the orc warrior's attack. The orc hits you but does no damage.
The orc warrior misses you. You furiously retaliate!
You headbutt the orc warrior! The orc closely misses you.
You block the orc's attack. Something hits you.
* * * LOW HITPOINT WARNING * * *
Things that are here:
a +0 dagger; a +0 leather armour; an orc skeleton Something hits you but does no damage.
There is a staircase back to the Dungeon here.
You block the orc's attack. Something hits you!!
You die...

###.......#####.......#
####.......#.####......#
##.#...........# #..#....
##......#.......####.###.#
#......##.##....#.#### ###
#........###.....##.##
..#......# ####......#
#......###........##
##.#.....##o)....###
#..>.....)..)....#
##......)@)o....##
######...o....#####.
#......(####.o.o
###..#...# ...oo
#.##.#o##....o. #.
#..###...... ..
#..(#....... ##.
#.....o..o.. #....#.....#.
##.###.....# ### ......#


You could see an orc knight, an orc warrior and 2 orcs.

Vanquished Creatures
  Pikel (D:9)
  A cyclops (Orc:1)
  2 komodo dragons (D:10)
  Maggie (D:6)
  A troll (D:9)
  A hornet (D:8)
  Sigmund (D:3)
  2 wyverns (D:10)
  Eustachio (D:5)
  A steam dragon (D:10)
  10 yaks (D:9)
  A basilisk (D:10)
  Menkaure (D:4)
  Edmund (D:4)
  2 phantoms
  9 orc warriors
  3 ice beasts
  3 sky beasts
  2 necrophages
  5 ogres
  6 centaurs
  7 bullfrogs
  A big kobold (D:8)
  3 scorpions (D:9)
  11 killer bees
  5 wights (D:6)
  2 howler monkeys
  A bullfrog zombie (D:8)
  A centaur skeleton (D:5)
  5 hounds
  3 bullfrog skeletons
  A jelly (D:6)
  16 orc priests
  Ijyb (D:5)
  4 iguanas
  Natasha (thrice) (D:2)
  24 orc wizards
  7 worker ants
  A hound skeleton (D:5)
  Robin (D:2)
  11 gnolls
  9 adders
  A shadow imp (D:8)
  4 white imps
  2 ufetubi (D:6)
  An ooze (D:1)
  3 adder skeletons
  A worm (D:5)
  2 dart slugs (D:1)
  6 leopard geckos
  78 orcs
  4 bats (D:1)
  4 giant cockroaches
  10 hobgoblins
  12 kobolds
  6 quokkas
  A ball python (D:6)
  2 frilled lizards
  13 goblins
  2 jackal zombies
  A leopard gecko zombie (D:5)
  4 rats
329 creatures vanquished.

Notes
Turn   | Place    | Note
-------+----------+-------------------------------------------
     0 | D:1      | om the Minotaur Berserker began the quest for the Orb.
     0 | D:1      | Reached XP level 1. HP: 19/19 MP: 0/0
   135 | D:1      | Reached XP level 2. HP: 26/27 MP: 1/1
   424 | D:1      | Reached XP level 3. HP: 28/33 MP: 2/2
   826 | D:2      | Reached ** piety under Trog
  1062 | D:2      | Reached XP level 4. HP: 40/40 MP: 3/3
  1097 | D:2      | Reached skill level 5 in Axes
  1357 | D:2      | Noticed Robin
  1364 | D:2      | Killed Robin
  1364 | D:2      | Reached XP level 5. HP: 46/46 MP: 4/4
  1425 | D:2      | Noticed Natasha
  1441 | D:2      | Killed Natasha
  1465 | D:2      | Noticed Natasha
  1476 | D:2      | Killed Natasha
  1476 | D:2      | Reached skill level 1 in Slings
  1856 | D:2      | Noticed Natasha
  1869 | D:2      | Killed Natasha
  2060 | D:3      | Noticed Sigmund
  2067 | D:3      | Killed Sigmund
  2067 | D:3      | Reached XP level 6. HP: 52/52 MP: 5/5
  2864 | D:4      | Reached XP level 7. HP: 59/59 MP: 6/6
  2877 | D:4      | Reached *** piety under Trog
  2877 | D:4      | Reached skill level 1 in Polearms
  3024 | D:4      | Reached skill level 1 in Shields
  3333 | D:4      | Noticed Menkaure
  3336 | D:4      | Killed Menkaure
  3336 | D:4      | Reached skill level 5 in Slings
  3336 | D:4      | Reached XP level 8. HP: 51/66 MP: 7/7
  3535 | D:4      | Noticed Edmund
  3541 | D:4      | Killed Edmund
  3754 | D:5      | Entered Level 5 of the Dungeon
  3765 | D:5      | Reached skill level 5 in Armour
  3819 | D:5      | Found a radiant altar of Vehumet.
  3836 | D:5      | Got a coiled tin ring
  3972 | D:5      | Noticed Eustachio
  3977 | D:5      | Killed Eustachio
  4104 | D:5      | Noticed Ijyb
  4127 | D:5      | Killed Ijyb
  4193 | D:5      | Reached skill level 5 in Dodging
  4195 | D:5      | Identified the ring "Ecydwios" {rF++ rC+ AC+4 Dex-3 Slay+5}
                  | (You found it on level 5 of the Dungeon)
  4507 | D:5      | Reached **** piety under Trog
  4664 | D:5      | Reached skill level 5 in Polearms
  5152 | D:6      | Reached XP level 9. HP: 71/71 MP: 8/8
  5396 | D:6      | Reached skill level 5 in Shields
  5488 | D:6      | Noticed Maggie
  5505 | D:6      | Killed Maggie
  5785 | D:6      | Reached ***** piety under Trog
  6388 | D:7      | Received a gift from Trog
  6539 | D:7      | Found a staircase to the Ecumenical Temple.
  7256 | D:8      | Reached XP level 10. HP: 78/78 MP: 9/9
  8194 | D:9      | Noticed Pikel
  8427 | D:9      | Killed Pikel
  8927 | D:9      | Reached XP level 11. HP: 84/84 MP: 10/10
  9376 | D:10     | Entered Level 10 of the Dungeon
  9459 | D:10     | Found a staircase to the Orcish Mines.
  9510 | D:10     | Reached ****** piety under Trog
 10427 | D:10     | Reached skill level 1 in Evocations
 10606 | D:10     | Found a staircase to the Lair.
 10694 | Orc:1    | Entered Level 1 of the Orcish Mines
 11112 | Orc:1    | Noticed Erolcha
 11145 | Orc:1    | Noticed an orc knight
 11180 | Orc:1    | Slain by Erolcha

Illustrated notes

Levels and vault maps discovered:
D:1:      lemuel_arrival_river_passageway, layout_rooms,
          wad_floor_pattern_untrapped, minmay_vboxes
D:2:      layout_loops_ring, uniq_robin, uniq_natasha
D:3:      layout_basic, uniq_sigmund
D:4:      layout_basic, uniq_menkaure, uniq_edmund
D:5:      layout_layer_cave, nicolae_overflow_crystal_walls, kennysheep_donut,
          minmay_a_box_with_orc_wizards_in_it, uniq_ijyb, uniq_eustachio
D:6:      layout_gridville, uniq_maggie
D:7:      minmay_recursive_quarters, layout_basic, minmay_temple_entry_overgrown
D:8:      layout_basic, dk_noncrumbling_3
D:9:      layout_loops_ring, uniq_pikel
D:10:     layout_long_grid, erik_lair_dragon, hiddenorc2_lemuel
Orc:1:    layout_diamond_mine, mines2_lemuel, uniq_erolcha

Skill      XL: |  1  2  3  4  5  6  7  8  9 10 11 |
---------------+----------------------------------+-----
Axes           | 4 5 6 |  6.7
Fighting       | 4 |  4.6
Armour         | 3 4 5 7 9 |  9.7
Dodging        | 3 4 5 6 8 9 |  9.0
Slings         | 2 3 5 6 7 |  7.0
Polearms       | 2 5 8 9 |  9.6
Shields        | 3 4 6 8 9 |  9.4
Evocations     | 2 |  2.3

Action                   |  1- 3 |  4- 6 |  7- 9 | 10-12 || total
-------------------------+-------+-------+-------+-------++-------
Melee: Hand axe          |    69 |   106 |       |       ||   175
       Headbutt          |    10 |    17 |    67 |    45 ||   139
       Spear             |       |     5 |   355 |   364 ||   724
 Fire: Hunting sling     |       |       |    23 |    97 ||   120
Invok: Berserk           |     1 |     4 |     8 |     6 ||    19
  Use: Scroll            |       |       |     8 |     4 ||    12
       Potion            |       |       |       |     1 ||     1
Armor: Animal skin       |    13 |       |       |       ||    13
       Ring mail         |     4 |    21 |     6 |       ||    31
       Chain mail        |       |       |    72 |    47 ||   119
       Skin              |       |       |     3 |       ||     3
Dodge: Dodged            |    53 |    80 |   101 |   117 ||   351
Block: Kite shield       |       |       |   102 |   119 ||   221

Table legend: (Time is in decaauts)
 A = Elapsed time spent in this place.
 B = Non-inter-level travel time spent in this place.
 C = Inter-level travel time spent in this place.
 D = Time resting spent in this place.
 E = Time spent auto-exploring this place.
 F = Levels seen in this place.
 G = Mean time per level.
                   A        B        C        D        E       F      G
               +--------+--------+--------+--------+--------+-----+--------+
         Total |  11137 |  10762 |    375 |    752 |   8190 |  11 | 1012.5 |
       Dungeon |  10695 |  10321 |    374 |    739 |   7887 |  10 | 1069.5 |
  Orcish Mines |    442 |    441 |      1 |     13 |    303 |   1 |  442.0 |
               +--------+--------+--------+--------+--------+-----+--------+

Top non-repeatable levels by time:
     D:5: 1314 daAuts
    D:10: 1295 daAuts
     D:2: 1281 daAuts
     D:8: 1245 daAuts
     D:6: 1126 daAuts
     D:9: 949 daAuts
     D:7: 926 daAuts
     D:4: 916 daAuts
     D:3: 890 daAuts
     D:1: 749 daAuts
   Orc:1: 442 daAuts
